 Dungeon Crawl Stone Soup version 0.29.1-1-gd02db6906a (webtiles) character file.

Game seed: 10438219031820764472

6845 kolya17 the Fighter (level 10, 0/97 HPs)
             Began as a Grey Draconian Monk on Oct 18, 2022.
             Was a Follower of Yredelemnul.
             Slain by a thrashing horror (1 damage)
             ... on level 1 of the Abyss.
             The game lasted 00:41:48 (13859 turns).

kolya17 the Fighter (Grey Draconian Monk)          Turns: 13859, Time: 00:41:49

Health: 0/97       AC: 20    Str: 19 (21) XL:     10   Next: 78%
Magic:  10/10      EV: 15    Int:  5 (8)  God:    Yredelemnul [*.....]
Gold:   558        SH:  0    Dex: 14 (16) Spells: 9/9 levels left

rFire   + . .      SeeInvis +   H - +8 mace of Desertification {pain, Str+8 Dex-3}
rCold   + . .      Faith    .   (no shield)
rNeg    . . .      Spirit   .   (body armour unavailable)
rPois   +          Reflect  .   D - +2 hat
rElec   +          Harm     .   C - +0 cloak
rCorr   +          Rampage  .   (no gloves)
Will    +....                   F - +0 pair of boots
Stlth   ++........              (no amulet)
HPRegen 0.26/turn               j - +4 ring of protection
MPRegen 0.12/turn               k - ring of see invisible

@: about to teleport, resistant, hasted, very quick
A: AC +12, amphibious, unfitting armour, cold-blooded, beak, dopey 1,
strong-willed 1, MP-powered wands
a: Renounce Religion, Recall Undead Harvest


You were on level 1 of the Abyss.
You worshipped Yredelemnul.
Yredelemnul was noncommittal.
You visited 2 branches of the dungeon, and saw 10 of its levels.
You visited the Abyss 1 time.

You collected 558 gold pieces.

Inventory:

Hand Weapons
 f - a +1 sling of flaming
 H - the +8 mace of Desertification (weapon) {pain, Str+8 Dex-3}
   (You found it on level 9 of the Dungeon)

   In the hands of one skilled in necromantic magic, it inflicts extra damage on
   living creatures.
   Str:       It affects your strength (+8).
   Dex:       It affects your dexterity (-3).
Missiles
 d - 117 stones (quivered)
 e - 23 poisoned darts
 n - 7 boomerangs
 p - 7 curare-tipped darts
 v - 5 silver javelins
 y - a throwing net
Armour
 C - a +0 cloak (worn)
 D - a +2 hat (worn)
 F - a +0 pair of boots (worn)
Jewellery
 j - a +4 ring of protection (left hand)
 k - a ring of see invisible (right hand)
 o - a +4 ring of evasion
 r - a +6 ring of strength
 t - a ring of wizardry
 x - a ring of resist corrosion
 E - an amulet of reflection
Wands
 q - a wand of digging (6)
 s - a wand of paralysis (3)
 w - a wand of roots (3)
 B - a wand of acid (17)
Scrolls
 b - a scroll of enchant weapon
 g - 5 scrolls of identify
 h - a scroll of teleportation
 i - 2 scrolls of magic mapping
 u - a scroll of fear
Potions
 a - a potion of ambrosia
 c - 3 potions of mutation
 m - a potion of degeneration
Miscellaneous
 G - a lightning rod (4/4)


   Skills:
 - Level 11.9 Fighting
 * Level 2.4 Maces & Flails
 + Level 7.0 Dodging
 - Level 1.7 Stealth
 - Level 10.9 Unarmed Combat


You had 9 spell levels left.
You didn't know any spells.
Your spell library contained the following spells:

 Spells                   Type           Power      Damage    Failure   Level
 Ensorcelled Hibernation  Hex/Ice        0%         N/A       63%         2
 Spider Form              Tmut/Pois      0%         N/A       85%         3
 Anguish                  Hex/Necr       0%         N/A       99%         4


Dungeon Overview and Level Annotations

Branches:
Dungeon (9/15)             Temple (1/1) D:5             Orc (0/2) D:9
   Lair: D:8-11

Altars:
Gozag
Kikubaaqudgha
Makhleb
Nemelex Xobeh
Okawaru
Qazlal
Sif Muna
Yredelemnul

Shops:
D:3 ?   D:7 ?(*

Annotations:
D:9 Erolcha


Innate Abilities, Weirdness & Mutations

Your dull iron-grey scales are very hard. (AC +12)
You are amphibious.
You cannot fit into any form of body armour.
You are cold-blooded and may be slowed by cold attacks.
You have a beak for a mouth.
You are dopey. (Int -2)
You are strong-willed. (Will+)
You expend magic power (3 MP) to strengthen your wands.


Message History

The meliai completely misses you.
The meliai stings you but does no damage.
The meliai hits you but does no damage. The meliai misses you.
You feel protected.
The thrashing horror tramples you but does no damage. x2
The meliai closely misses you. The meliai stings you.
* * * LOW HITPOINT WARNING * * *
Unknown command.
You hit the meliai but do no damage.
The meliai is heavily wounded.
The thrashing horror tramples you but does no damage.
The thrashing horror closely misses you.
The meliai hits you but does no damage. The meliai misses you.
The raiju bites you but does no damage. The thrashing horror barely misses you.
The thrashing horror tramples you.
* * * LOW HITPOINT WARNING * * *
You hold your ground!
The meliai barely misses you. The meliai completely misses you.
You hit the meliai.
The meliai is heavily wounded.
The thrashing horror barely misses you.
The thrashing horror tramples you but does no damage.
The meliai hits you.
* * * LOW HITPOINT WARNING * * *
The meliai closely misses you. The raiju bites you but does no damage.
The thrashing horror tramples you but does no damage. x2
You thump the meliai!
You kill the meliai!
The dead are flying!
The raiju bites you.
* * * LOW HITPOINT WARNING * * *
The raiju shocks you. You resist.
* * * LOW HITPOINT WARNING * * *
The thrashing horror completely misses you. x2
Your Maces & Flails skill increases to level 2!
Your Dodging skill increases to level 7!
The raiju bites you but does no damage.
The thrashing horror tramples you but does no damage.
The thrashing horror tramples you.
You die...
Your body rises from the dead as a mindless zombie.

#...#.#.≈..... .
#.#.##..# .#..
#..... #.#....
#.....#. ##. ..
#.##..##.... # #
### #.##..# #.##
#...#####.#..#..#.#
#..Zh#xX.......#..
#.@X## # .#.#. #
#§...### #.# #
##...# #. # #..##
#. ... ##. .#


You could see a thrashing horror, a large abomination, a raiju (ally target), a
small abomination and a friendly meliai zombie.

Vanquished Creatures
  A meliai (shapeshifter) (Abyss:1)
  Prince Ribbit (D:6)
  6 yaks (D:8)
  A large abomination (Abyss:1)
  4 steam dragons
  3 orc warriors
  3 black bears
  5 ice beasts
  An ogre (D:6)
  2 centaurs
  4 lemures (D:4)
  2 phantoms
  2 kobold brigands
  A water moccasin zombie (D:3)
  A scorpion (D:6)
  A small abomination (Abyss:1)
  4 wights
  10 killer bees
  An electric eel (D:7)
  A howler monkey (D:5)
  4 orc priests
  2 jellies
  2 gnoll boudas
  Jessica (D:3)
  6 iguanas
  Ijyb (D:4)
  8 orc wizards
  6 adders
  3 gnolls (D:7)
  2 shadow imps (D:7)
  A white imp (D:5)
  An ufetubus (Abyss:1)
  An adder zombie (D:3)
  3 dart slugs
  16 orcs
  3 ball pythons
  10 endoplasms
  6 giant cockroaches
  11 goblins
  2 hobgoblins (D:2)
  11 kobolds
  7 bats
  2 frilled lizards
  A giant cockroach zombie (D:3)
  2 rats (D:2)
166 creatures vanquished.

Vanquished Creatures (collateral kills)
  Pikel (D:5)
  A yak (D:8)
  A black bear (D:6)
  An ice beast (D:4)
  An orc warrior (D:8)
  A phantom (D:5)
  Blork the orc (D:4)
  A bullfrog (D:6)
  A scorpion (D:6)
  5 wights (D:8)
  A killer bee (D:8)
  3 orc wizards
  An iguana (D:6)
  2 gnolls (D:7)
  3 adders
  6 orcs
  A ball python (D:3)
  3 kobolds
  A rat (D:3)
35 creatures vanquished.

Vanquished Creatures (others)
  A hornet (D:8)
  A hornet zombie (D:8)
  2 wights (D:8)
  A yak zombie (D:8)
  A centaur zombie (D:6)
  3 killer bee zombies (D:8)
  An ice beast zombie (D:7)
  A steam dragon zombie (D:8)
  3 adder zombies
  An iguana zombie (D:5)
  9 orc zombies
  A spectral shadow imp (D:7)
  3 gnoll zombies (D:7)
  A ball python zombie (D:4)
  An endoplasm zombie (D:4)
  A giant cockroach zombie (D:4)
  A jackal zombie (D:3)
  A kobold (D:8)
  5 kobold zombies
  A spectral ufetubus (Abyss:1)
39 creatures vanquished.

Grand Total: 240 creatures vanquished

Notes
Turn   | Place    | Note
-------+----------+-------------------------------------------
     0 | D:1      | kolya17 the Draconian Monk began the quest for the Orb.
     0 | D:1      | Reached XP level 1. HP: 19/19 MP: 1/1
   259 | D:1      | Reached XP level 2. HP: 24/27 MP: 2/2
   728 | D:1      | Reached skill level 4 in Fighting
  1240 | D:2      | Reached XP level 3. HP: 30/33 MP: 3/3
  1291 | D:2      | Found an ancient bone altar of Kikubaaqudgha.
  1773 | D:2      | Reached XP level 4. HP: 40/41 MP: 4/4
  1849 | D:2      | Identified a scroll of acquirement
  1849 | D:2      | Acquired the ring "Muihu" {rC+ Str+3 Dex+2}
  1947 | D:3      | Noticed Jessica
  1960 | D:3      | Killed Jessica
  2124 | D:3      | Identified the +6 hand axe of Classification {flame, Dex+2}
  2168 | D:3      | Found a basalt altar of Yredelemnul.
  2188 | D:3      | Reached skill level 5 in Fighting
  2188 | D:3      | Reached XP level 5. HP: 31/48 MP: 5/5
  2218 | D:3      | Found a burning altar of Makhleb.
  2398 | D:3      | Became a worshipper of Yredelemnul the Dark
  2398 | D:3      | Reached * piety under Yredelemnul
  2398 | D:3      | Reached ** piety under Yredelemnul
  2423 | D:3      | Found Gisais's Magic Scroll Boutique.
  2426 | D:3      | Noticed an ice beast
  2523 | D:3      | Killed an ice beast
  2524 | D:3      | Reached skill level 5 in Unarmed Combat
  2524 | D:3      | Reached XP level 6. HP: 57/57 MP: 6/6
  2641 | D:3      | Found a faded altar of an unknown god.
  2984 | D:4      | Noticed an ice beast
  3011 | D:4      | Killed an ice beast
  3012 | D:4      | Reached skill level 6 in Fighting
  3179 | D:4      | Noticed Pikel
  3237 | D:5      | Entered Level 5 of the Dungeon
  3608 | D:4      | Found an opulent altar of Gozag.
  4099 | D:4      | Noticed Blork the orc
  4114 | D:4      | Killed Blork the orc
  4115 | D:4      | Your scales start taking on a dull iron-grey colour.
  4115 | D:4      | Reached XP level 7. HP: 60/64 MP: 7/7
  4527 | D:4      | Noticed Ijyb
  4534 | D:4      | Paralysed by Ijyb for 2 turns
  4548 | D:4      | Killed Ijyb
  5763 | D:5      | Gained mutation: You expend magic power (3 MP) to
                  | strengthen your wands. [potion of mutation]
  5763 | D:5      | Gained mutation: You are strong-willed. (Will+) [potion of
                  | mutation]
  5763 | D:5      | Gained mutation: You are dopey. (Int -2) [potion of
                  | mutation]
  5763 | D:5      | Gained mutation: You have a beak for a mouth. [potion of
                  | mutation]
  5830 | D:5      | Found a staircase to the Ecumenical Temple.
  5869 | Temple   | Entered the Ecumenical Temple
  6127 | D:5      | Reached skill level 7 in Fighting
  6141 | D:5      | Killed Pikel
  6142 | D:5      | Reached XP level 8. HP: 61/74 MP: 8/8
  6270 | D:5      | Reached skill level 8 in Fighting
  7153 | D:6      | Reached skill level 9 in Fighting
  7164 | D:6      | Reached *** piety under Yredelemnul
  7165 | D:6      | Reached XP level 9. HP: 51/83 MP: 9/9
  7457 | D:6      | Found a shimmering blue altar of Sif Muna.
  7520 | D:6      | Noticed Prince Ribbit
  7541 | D:6      | Killed Prince Ribbit
  7542 | D:6      | Reached skill level 5 in Dodging
  7843 | D:6      | Reached **** piety under Yredelemnul
  8787 | D:7      | Found Baucuw's Antique Weapon Emporium.
  9468 | D:7      | Reached skill level 10 in Fighting
  9633 | D:7      | Found Caimialu's Magic Scroll Shop.
 10826 | D:7      | Found an iron altar of Okawaru.
 10866 | D:7      | Found Ajeo's Assorted Antiques.
 11189 | D:7      | Found a stormy altar of Qazlal.
 11516 | D:7      | Found a sparkling altar of Nemelex Xobeh.
 11952 | D:8      | Paralysed by a hornet for 3 turns
 11968 | D:8      | Reached XP level 10. HP: 61/94 MP: 10/10
 11982 | D:8      | Reached skill level 10 in Unarmed Combat
 12048 | D:8      | Found Neyp's Assorted Antiques.
 12310 | D:8      | Reached skill level 11 in Fighting
 13534 | D:9      | Found a staircase to the Orcish Mines.
 13622 | D:9      | Identified the +8 mace of Desertification {pain, Str+8
                  | Dex-3}
 13655 | D:9      | Reached skill level 1 in Maces & Flails
 13658 | D:9      | Noticed Erolcha
 13658 | Abyss:1  | Cast into level 1 of the Abyss (Erolcha)
 13838 | Abyss:1  | Noticed a thrashing horror
 13858 | Abyss:1  | HP: 4/97 [raiju (6)]
 13858 | Abyss:1  | HP: 1/97 [raiju (3)]
 13859 | Abyss:1  | Slain by a thrashing horror

Illustrated notes

Levels and vault maps discovered:
D:1:      wander_arrival_lonely_grave, layout_basic
D:2:      layout_rooms, basic_altar
D:3:      layout_rooms, mainiacjoe_overflow_concentric_impassable,
          nicolae_yredelemnul_corpse_copse, serial_shops, shop,
          basic_ecumenical_altar, st_stairs_11, chequers_serial_rivers_small_b,
          uniq_jessica
D:4:      layout_layer_cave, nicolae_gozag_cash_rules_everything_around_me,
          kennysheep_cluttered_room, minmay_misc_feat_ornament, uniq_pikel,
          uniq_blork_the_orc, uniq_ijyb
D:5:      layout_cave_pools, temple_pool_b, chequers_serial_rivers_small_a,
          minmay_fountain_box, minmay_misc_feat_diagonals,
          guppyfry_early_orc_mine
D:6:      layout_basic, lemuel_blue_sif_altar, amethyst_killhole,
          uniq_prince_ribbit1
D:7:      layout_basic, lemuel_tele_altar, overflow_temple_1_default,
          grunt_qazlal_sundering, serial_shops, nicolae_shop_waterfront, shop,
          nicolae_inconvenience_store, nicolae_eternal_life
D:8:      kennysheep_ambush_hall, layout_rooms, serial_shops, shop
D:9:      layout_basic, orc_0_dummy, minivault_16,
          chequers_serial_rivers_micro_a, uniq_maggie, uniq_erolcha
Temple:   jpeg_temple_clearing
Abyss:1:  base:
D:9

Skill      XL: |  1  2  3  4  5  6  7  8  9 10 |
---------------+-------------------------------+-----
Fighting       | 4 5 6 7 9 10 11 | 11.9
Unarmed Combat | 4 5 6 7 8 9 10 | 10.9
Dodging        | 3 4 5 7 |  7.0
Maces & Flails | 2 |  2.4
Stealth        | |  1.7

Action                   |  1- 3 |  4- 6 |  7- 9 | 10-12 || total
-------------------------+-------+-------+-------+-------++-------
Melee: Unarmed           |   152 |   203 |   351 |   140 ||   846
       Tailslap          |    17 |    36 |    68 |    29 ||   150
       Punch             |     2 |     6 |    17 |    13 ||    38
       Peck              |       |       |    74 |    46 ||   120
       Mace              |       |       |       |    37 ||    37
Throw: Stone             |     4 |       |     3 |       ||     7
Invok: Recall Undead Har |       |       |     1 |       ||     1
       Dark Bargain      |       |       |     2 |       ||     2
  Use: Scroll            |       |     8 |     3 |     3 ||    14
       Potion            |       |     1 |     5 |    12 ||    18
 Stab: Sleeping          |     5 |     3 |     3 |       ||    11
       Distracted        |       |     1 |     2 |       ||     3
Armor: Skin              |    78 |    90 |   156 |   111 ||   435
Dodge: Dodged            |   130 |   108 |   258 |   199 ||   695
